AoeStats
← Long John Silver

Socotra

506683700Analyzed
4v4 RM · 18d ago on Sep 14, 2026· 36m 0s· 8 players
Game mode
Random Map
Map size
148×148
Population
200
Speed
Normal
Resources
Standard
Victory
Conquest
Starting age
Dark Age
Ending age
Imperial Age
RankedLock teamsTeams togetherTeam positionsShared explorationLock speedFull tech treeHidden civsTurbo modeCheats
Victory
Defeat
🇮🇳 Shu · India
1419
+13
🇫🇷 Franks · France
1391
+14
🇫🇮 Magyars · Finland
1365
+15
🇨🇳 Sicilians · China
1346
+16
🇩🇪 Burgundians · Germany
1461
-18
🇲🇽 Khitans · Mexico
1428
-18
🇨🇦 Mongols · Canada
1263
-11
🇫🇷 Malay · France
1254
-11
7777777
3:02 Loom
13:42 Feudal Age
15:56 Fletching
16:34 Double-Bit Axe
19:16 Bloodlines
24:57 Gold Mining
27:14 Castle Age
25:37 Scale Barding Armor
27:32 Light Cavalry
32:05 Bodkin Arrow
32:30 Bow Saw
32:02 Horse Collar
33:38 Husbandry
Mezsar
SlyFever
5:51 Loom
8:38 Feudal Age
10:12 Fletching
18:57 Wheelbarrow
18:07 Town Watch
24:01 Town Watch
27:13 Castle Age
25:51 Gold Mining
25:53 Stone Mining
26:06 Scale Mail Armor
26:05 Horse Collar
28:07 Bodkin Arrow
29:21 Masonry
berber.sinan
Monkeyvulin
aoegamer115
The_ Rock
Long John Silver
Connection lost

Rejoining the realm…

Still unreachable

The connection could not be restored.

Session expired

The server has moved on; the page needs a fresh start.